AoeStats
← bene_solar

Arabia

509672684Analyzed
3v3 RM · 3d ago on Sep 27, 2026· 56m 6s· 6 players
Game mode
Random Map
Map size
Normal (6 player)
Population
200
Speed
Normal
Resources
Standard
Victory
Conquest
Starting age
Dark Age
Ending age
Imperial Age
RankedLock teamsTeams togetherTeam positionsShared explorationLock speedFull tech treeHidden civsTurbo modeCheats
Victory
Defeat
🇬🇷 Vietnamese · Greece
1001
+13
🇹🇼 Britons · Taiwan
942
+15
🇹🇼 Aztecs · Taiwan
934
+16
🇺🇦 Tatars · Ukraine
949
-15
🇪🇸 Spanish · Spain
927
-15
🇦🇷 Poles · Argentina
916
-14
南瓜小公主
0:28 Loom
11:04 Feudal Age
12:39 Wheelbarrow
11:59 Double-Bit Axe
12:13 Gold Mining
13:48 Horse Collar
19:39 Forging
19:52 Arson
23:55 Castle Age
25:36 Iron Casting
25:02 Scale Mail Armor
24:26 Eagle Warrior
26:16 Gold Shaft Mining
26:27 Squires
26:44 Hand Cart
26:38 Stone Mining
26:51 Heavy Plow
28:35 Chain Mail Armor
29:18 Stone Shaft Mining
30:35 Bow Saw
35:47 Imperial Age
35:06 Treadmill Crane
35:16 Town Watch
36:01 Town Patrol
37:01 Conscription
37:25 Crop Rotation
38:21 Plate Mail Armor
38:51 Blast Furnace
37:42 Elite Eagle Warrior
38:44 Fletching
39:35 Ballistics
40:16 Chemistry
40:29 Garland Wars
43:57 Coinage
45:11 Banking
50:30 Bodkin Arrow
50:35 Padded Archer Armor
50:34 Murder Holes
50:50 Fortified Wall
50:25 Arrowslits
52:00 Siege Engineers
54:01 Bracer
Longoooooo
2:02 Loom
10:27 Feudal Age
19:30 Fletching
29:46 Castle Age
29:03 Double-Bit Axe
29:11 Gold Mining
30:48 Bodkin Arrow
31:41 Elite Skirmisher
37:53 Padded Archer Armor
40:10 Wheelbarrow
39:21 Town Watch
40:27 Bow Saw
42:34 Leather Archer Armor
44:00 Murder Holes
45:19 Hand Cart
45:40 Yeomen
49:55 Imperial Age
50:56 Bracer
51:22 Imperial Skirmisher
53:44 Chemistry
56:18 Ring Archer Armor
Yololo_11
6:26 Loom
11:44 Feudal Age
17:54 Castle Age
16:42 Town Watch
18:08 Double-Bit Axe
19:24 Elite Skirmisher
19:48 Pikeman
20:37 Fletching
22:15 Forging
24:00 Padded Archer Armor
25:15 Bow Saw
29:43 Wheelbarrow
28:57 Horse Collar
30:35 Heavy Plow
32:08 Squires
33:52 Chatras
34:47 Gold Mining
34:48 Stone Mining
35:47 Ballistics
35:26 Murder Holes
36:05 Husbandry
40:30 Hand Cart
47:16 Imperial Age
47:42 Iron Casting
47:12 Scale Barding Armor
47:03 Bodkin Arrow
47:23 Leather Archer Armor
46:54 Treadmill Crane
47:49 Elite Battle Elephant
50:33 Chain Barding Armor
50:15 Imperial Skirmisher
50:58 Bracer
51:13 Leather Archer Armor
53:59 Paper Money
56:52 Chemistry
55:48 Elite Rattan Archer
1mmr
0:31 Loom
0:31 Loom
0:36 Loom
2:24 Loom
4:09 Loom
6:02 Loom
10:58 Feudal Age
11:40 Double-Bit Axe
20:50 Castle Age
20:42 Stone Mining
22:25 Bow Saw
29:42 Horse Collar
32:20 Heavy Plow
33:06 Ballistics
36:17 Wheelbarrow
36:54 Husbandry
37:05 Bloodlines
36:42 Treadmill Crane
37:36 Fletching
37:46 Padded Archer Armor
37:52 Silk Armor
38:19 Bodkin Arrow
40:35 Leather Archer Armor
40:28 Gold Mining
43:49 Imperial Age
41:37 Hand Cart
44:34 Bracer
45:05 Ring Archer Armor
45:47 Guilds
46:45 Chemistry
48:21 Light Cavalry
49:36 Hussar
50:31 Scale Barding Armor
50:37 Forging
51:55 Chain Barding Armor
53:33 Conscription
56:52 Chain Barding Armor
joaqo9909
11:17 Feudal Age
13:54 Loom
14:10 Double-Bit Axe
15:27 Forging
15:28 Bloodlines
17:08 Horse Collar
23:45 Castle Age
24:34 Heavy Plow
24:08 Crossbowman
26:15 Bow Saw
26:37 Fletching
28:31 Iron Casting
27:57 Scale Mail Armor
29:43 Thumb Ring
30:14 Chain Mail Armor
33:05 Scale Barding Armor
32:56 Bodkin Arrow
33:36 Elite Skirmisher
34:43 Light Cavalry
36:35 Chain Barding Armor
42:32 Imperial Age
40:42 Wheelbarrow
44:47 Blast Furnace
45:08 Winged Hussar
46:05 Elite Obuch
bene_solar
10:06 Feudal Age
10:57 Loom
15:09 Castle Age
14:17 Double-Bit Axe
17:30 Wheelbarrow
23:44 Husbandry
25:10 Bow Saw
30:04 Redemption
36:47 Inquisition
38:34 Sanctity
39:39 Town Watch
42:00 Bloodlines
48:17 Imperial Age
46:38 Fletching
46:49 Padded Archer Armor
50:11 Chemistry
49:18 Cavalier
51:02 Leather Archer Armor
50:43 Bodkin Arrow
Connection lost

Rejoining the realm…

Still unreachable

The connection could not be restored.

Session expired

The server has moved on; the page needs a fresh start.